 Dungeon Sprint DCSS version 0.30-a0-965-g42e074c17a (webtiles) character file.

Game seed: 4403114727007093848

249 sircluck the Fighter (level 6, 0/62 HPs)
             Began as a Hill Orc Fighter on Mar 31, 2023.
             Slain by a neqoxec (12 damage)
             ... in the Dungeon (Sprint II: "The Violet Keep of Menkaure").
             The game lasted 00:00:31 (30 turns).

sircluck the Fighter (Hill Orc Fighter)               Turns: 30, Time: 00:00:32

Health: 0/62       AC:  5    Str: 21      XL:     6   Next: 12%
Magic:  6/6        EV:  9    Int:  5 (8)  God:
Gold:   0          SH:  5    Dex: 10      Spells: 5/5 levels left

rFire   . . .      SeeInvis .    a - +0 war axe
rCold   . . .      Faith    .    c - +0 buckler
rNeg    . . .      Spirit   .    b - +0 scale mail
rPois   .          Reflect  .    (no helmet)
rElec   .          Rampage  .    (no cloak)
rCorr   .          NoTele   +    (no gloves)
Will    .....      Rage     3%   (no boots) Stlth
                                 (no amulet)
HPRegen 0.30/turn                (no ring)
MPRegen 0.10/turn                (no ring)

@: unable to drink
A: berserk 1, deformed body, subdued magic 1, inability to drink after injury 1,
devolution 1
a: no special abilities


You were in the Dungeon.
You visited 1 branch

Inventory:

Hand Weapons
 a - a +0 war axe (weapon)
Armour
 b - a +0 scale mail (worn)
 c - a +0 buckler (worn)
Scrolls
 j - a scroll of blinking
Potions
 d - a potion of might
 e - a potion of curing
 f - a potion of heal wounds
 g - a potion of haste
 h - 2 potions of magic
 i - a potion of berserk rage


   Skills:
 + Level 8.8 Fighting
 + Level 6.2 Axes
 + Level 7.8 Armour
 + Level 7.9 Shields


You had 5 spell levels left.
You didn't know any spells.
Your spell library was empty.

Dungeon Overview and Level Annotations

Branches:
Dungeon (1/1)

Altars:


Innate Abilities, Weirdness & Mutations

You sometimes lose your temper in combat.
Armour fits poorly on your strangely shaped body.
Your spells are a little easier to cast, but a little less powerful.
You occasionally lose the ability to drink potions when taking damage.
You have hidden genetic defects.


Message History

The neqoxec hits you. The neqoxec barely misses you.
There is an open door here.
You slash the neqoxec!
The neqoxec is moderately wounded.
You barely miss the neqoxec. You block the neqoxec's attack.
The neqoxec closely misses you. The neqoxec hits you!
You feel threatened and lose the ability to drink potions!
The neqoxec closely misses you.
You hit the neqoxec.
The neqoxec is moderately wounded.
You barely miss the neqoxec.
The neqoxec hits you but does no damage.
The neqoxec hits you!
* * * LOW HITPOINT WARNING * * *
You slash the neqoxec!
The neqoxec is heavily wounded.
You hit the neqoxec. The neqoxec hits you.
* * * LOW HITPOINT WARNING * * *
The neqoxec hits you.
* * * LOW HITPOINT WARNING * * *
Unknown command.
You barely miss the neqoxec.
The neqoxec is heavily wounded.
You hit the neqoxec. The neqoxec barely misses you.
The neqoxec gestures at you.
You feel dopey. Something feeds on your intellect!
Unknown command.
You slash the neqoxec!
The neqoxec is almost dead.
You closely miss the neqoxec. The neqoxec gestures at you.
You feel dopey. Something feeds on your intellect! The neqoxec gestures at you.
Something tries to feed on your intellect!
You hit the neqoxec but do no damage.
The neqoxec is almost dead.
You hit the neqoxec but do no damage. The neqoxec hits you!
You die...

## #.#
#+#
#3##.##
#3@.<.+
#..##.##
#.# #+#
##


l#l .# #. ## ## You could see 2 neqoxecs.

Vanquished Creatures
  2 neqoxecs (D)
2 creatures vanquished.

Vanquished Creatures (others)
  Menkaure (D)
1 creature vanquished.

Grand Total: 3 creatures vanquished

Notes
Turn   | Place    | Note
-------+----------+-------------------------------------------
     0 | D        | sircluck the Hill Orc Fighter began the quest for the Orb.
     0 | D        | Reached XP level 1. HP: 19/19 MP: 1/1
     1 | D        | Noticed a wyvern
     1 | D        | Noticed a wyvern
     5 | D        | Noticed a neqoxec
     5 | D        | Noticed a neqoxec
     5 | D        | Noticed a neqoxec
     5 | D        | Noticed a neqoxec
     6 | D        | Gained mutation: You have hidden genetic defects. [a
                  | neqoxec]
    11 | D        | Gained mutation: You occasionally lose the ability to drink
                  | potions when taking damage. [a neqoxec]
    13 | D        | Gained mutation: Your spells are a little easier to cast,
                  | but a little less powerful. [a neqoxec]
    17 | D        | Killed a neqoxec
    18 | D        | Reached skill level 7 in Fighting
    18 | D        | Reached XP level 2. HP: 27/34 MP: 2/2
    18 | D        | Reached XP level 3. HP: 31/39 MP: 3/3
    18 | D        | Reached XP level 4. HP: 37/47 MP: 4/4
    18 | D        | Reached XP level 5. HP: 41/52 MP: 5/5
    19 | D        | Gained mutation: You sometimes lose your temper in combat.
                  | [a neqoxec]
    21 | D        | Gained mutation: Armour fits poorly on your strangely
                  | shaped body. [a neqoxec]
    22 | D        | Killed Menkaure
    23 | D        | Killed a neqoxec
    24 | D        | Reached skill level 8 in Fighting
    24 | D        | Reached XP level 6. HP: 39/62 MP: 6/6
    30 | D        | Slain by a neqoxec

Illustrated notes

Levels and vault maps discovered:
D:        the_violet_keep_of_menkaure [sprint2_stairs_cluster_1,
          sprint2_shoproom, sprint2_temple, sprint2_basic_supplies,
          sprint2_obstacle_7, sprint2_obstacle_1, sprint2_obstacle_5,
          sprint2_obstacle_4, sprint2_obstacle_2, sprint2_timed_cluster_1,
          sprint2_smallroom_cluster_1, sprint2_smallroom_final_cluster_1,
          sprint2_transparent_cluster_1, sprint2_second_timed_cluster_1,
          sprint2_sniper_area_1, sprint2_heavy_combat_area_1,
          sprint2_mutation_trap_area_1, sprint2_forest_area_1,
          sprint2_light_combat_area_1, sprint2_behind_water_1,
          sprint2_near_end_vault_1]

Skill      XL: |  1  2  3  4  5 |
---------------+----------------+-----
Fighting       | 7 8 |  8.8
Axes           | 4 6 |  6.2
Armour         | 6 7 |  7.8
Shields        | 6 7 |  7.9

Action                     |  1- 3 |  4- 6 || total
---------------------------+-------+-------++-------
  Melee: War axe           |    12 |    12 ||    24
 Armour: Scale mail        |     1 |     1 ||     2
  Dodge: Dodged            |     3 |     7 ||    10
  Block: Buckler           |     3 |     1 ||     4

Table legend: (Time is in decaauts)
 A = Elapsed time spent in this place.
 B = Non-inter-level travel time spent in this place.
 C = Inter-level travel time spent in this place.
 D = Time resting spent in this place.
 E = Time spent auto-exploring this place.
 F = Levels seen in this place.
 G = Mean time per level.
                   A        B        C        D        E       F      G
               +--------+--------+--------+--------+--------+-----+--------+
         Total |     37 |     37 |      0 |      0 |      0 |   1 |   37.0 |
       Dungeon |     37 |     37 |      0 |      0 |      0 |   1 |   37.0 |
               +--------+--------+--------+--------+--------+-----+--------+

Top non-repeatable levels by time:
       D: 37 daAuts
